 Dungeon Crawl Stone Soup version bcrawl-1.15.1-4-g77d781cab4 (webtiles) character file.

Game seed: 14138389302504525977

289 Gumption the Cudgeler (level 6, 0/52 HPs)
             Began as a Sand Dwarf Archaeologist on Oct 12, 2019.
             Succumbed to Ijyb's poison
             ... on level 4 of the Dungeon.
             The game lasted 00:34:08 (4285 turns).

Gumption the Cudgeler (Sand Dwarf Archaeologist)    Turns: 4285, Time: 00:34:09

Health: 0/52       AC: 13    Str: 21    XL:     6   Next: 31%
Magic:  6/6        EV: 13    Int: 16    God:
Gold:   189        SH:  0    Dex:  9    Spells: 6/6 levels left

rFire    . . .     SeeInvis .   a - +0 whip
rCold    . . .     Gourm    .   (shield restricted)
rNeg     . . .     Faith    .   s - +0 chain mail
rPois    .         Spirit   .   c - +1 hat
rElec    +         Reflect  .   (no cloak)
rCorr    .         Harm     .   h - +0 pair of gloves
MR       .....                  d - +1 pair of boots
Stlth    ..........             (no amulet)
HPRegen  0.17/turn              b - +3 ring of evasion
MPRegen  0.10/turn              i - ring of wizardry

@: mighty, lethally poisoned (0 -> -19), studying Spellcasting, slow
A: small, screaming 1, electricity resistance, slowness 1, armour attunement
a: no special abilities


You were on level 4 of the Dungeon.
You were not hungry.

You visited 1 branch of the dungeon, and saw 4 of its levels.

You collected 189 gold pieces.

Inventory:

Hand Weapons
 a - a +0 whip (weapon)
 j - a +0 hunting sling
Missiles
 l - 756 stones
 n - 71 sling bullets
 u - 61 tomahawks (quivered)
Armour
 c - a +1 hat (worn)
 d - a +1 pair of boots (worn)
 h - a +0 pair of gloves (worn)
 p - a +1 leather armour of poison resistance
 s - a +0 chain mail (worn)
Jewellery
 b - a +3 ring of evasion (left hand)
 i - a ring of wizardry (right hand)
Wands
 q - a wand of polymorph (4)
 v - a wand of paralysis (5)
Scrolls
 k - a scroll of immolation {unknown}
 o - 2 scrolls of magic mapping
 t - 3 scrolls of teleportation
Potions
 m - a potion of magic
Books
 e - a manual of Spellcasting
Miscellaneous
 f - an ancient crate
Comestibles
 g - 10 rations {!d}


   Skills:
 + Level 3.6 Fighting
 * Level 6.3 Maces & Flails
 + Level 3.3 Armour
 - Level 2.4 Dodging
 - Level 2.4 Stealth
 * Level 0.6 Spellcasting


You had 6 spell levels left.
You didn't know any spells.
Your spell library was empty.

Dungeon Overview and Level Annotations

Branches:
Dungeon (4/12)
 Temple: D:4-7

Altars:
Nemelex Xobeh
Xom
Zin

Annotations:
D:4 1 runed translucent door, SirMumm's ghost, amateur GrWz


Innate Abilities, Weirdness & Mutations

You are small and have problems with some larger weapons.
You cover ground slowly.
Armour does not affect your spellcasting.
You occasionally shout uncontrollably at your foes.
You are resistant to electric shocks. (rElec)


Message History

Put on which piece of jewellery? (? for menu, Esc to quit)
b - a +3 ring of evasion (left hand)
* * * LOW HITPOINT WARNING * * *
You feel sick.
Okay, then.
Put on which piece of jewellery? (? for menu, Esc to quit)
i - a ring of wizardry (right hand)
* * * LOW HITPOINT WARNING * * *
You feel sick.
j - a +0 hunting sling;
n - 71 sling bullets
p - a +1 leather armour of poison resistance
q - a wand of polymorph (4)
* * * LOW HITPOINT WARNING * * *
You feel sick.
* * * LOW HITPOINT WARNING * * *
You feel very sick.
* * * LOW HITPOINT WARNING * * *
You feel sick.
There is an open door here.
You die...

#.....# ###......,,,,,,,,*,*
#.....########........,,,,,,,,,,,
......................,,,,,,,,,,,
......######...g......******,,,,,
#.....# #.#........* *,,,,,
#.....# #...###....* *,,,,,
#.....# ##..##.##...* *,,,,,
#.....# ##...#._.#...## *,,,,,
#....#####..####@####..#####...,,
##+#.......##..#'#..##..g......,,
≈≈##.#####.#..)'.'...#..#********
.≈##.#####.##.##)##.##..#
.≈#....)....###.#.###.§.# ***
.≈##.####.......#.....### *,,
.≈##.# #.####.###.#### *** ####.#
#.# #.....# #.# #.# #.#.###


There were no monsters in sight!

Vanquished Creatures
  An orc priest (D:3)
  Ijyb (D:4)
  3 orc wizards (D:3)
  2 adders (D:3)
  An ooze (D:2)
  6 worms
  4 dart slugs
  5 leopard geckos
  12 orcs
  5 bats
  5 giant cockroaches
  5 goblins
  13 hobgoblins
  7 jackals (D:3)
  10 kobolds
  2 quokkas
  2 ball pythons (D:1)
  4 frilled lizards
  8 rats
96 creatures vanquished.

Vanquished Creatures (others)
  An ooze (D:4)
1 creature vanquished.

Grand Total: 97 creatures vanquished

Notes
Turn   | Place    | Note
-------+----------+-------------------------------------------
     0 | D:1      | Gumption the Sand Dwarf Archaeologist began the quest for
                  | the Orb.
     0 | D:1      | Reached XP level 1. HP: 16/16 MP: 1/1
    91 | D:1      | Reached skill level 2 in Maces & Flails
   158 | D:1      | Reached XP level 2. HP: 23/23 MP: 2/2
   224 | D:1      | Reached skill level 1 in Armour
   364 | D:1      | Reached skill level 3 in Maces & Flails
   625 | D:1      | Reached XP level 3. HP: 29/29 MP: 3/3
  1570 | D:2      | Reached skill level 4 in Maces & Flails
  1716 | D:2      | Reached XP level 4. HP: 36/36 MP: 4/4
  2309 | D:3      | Found a shimmering altar of Xom.
  2309 | D:3      | Found a shimmering altar of Xom.
  2314 | D:3      | Found a shimmering altar of Xom.
  2316 | D:3      | Found a shimmering altar of Xom.
  2316 | D:3      | Found a shimmering altar of Xom.
  2606 | D:3      | Reached skill level 5 in Maces & Flails
  2606 | D:3      | Reached XP level 5. HP: 36/44 MP: 5/5
  3099 | D:3      | Reached XP level 6. HP: 36/51 MP: 6/6
  3201 | D:3      | Reached skill level 6 in Maces & Flails
  3677 | D:3      | Found a glowing silver altar of Zin.
  3908 | D:4      | Found a runed translucent door.
  3908 | D:4      | Noticed SirMumm's ghost (amateur GrWz)
  4164 | D:4      | Noticed Ijyb
  4248 | D:4      | Found a sparkling altar of Nemelex Xobeh.
  4276 | D:4      | Killed Ijyb
  4277 | D:4      | Gained mutation: You occasionally shout uncontrollably at
                  | your foes. [potion of mutation]
  4277 | D:4      | Gained mutation: You are resistant to electric shocks.
                  | (rElec) [potion of mutation]
  4284 | D:4      | HP: 2/52 [poisoned by Ijyb]
  4285 | D:4      | Succumbed to Ijyb's poison

Skill      XL: |  1  2  3  4  5  6 |
---------------+-------------------+-----
Maces & Flails | 2 3 4 5 6 |  6.3
Armour         | 1 2 3 |  3.3
Fighting       | 2 3 |  3.6
Dodging        | |  2.4
Stealth        | |  2.4
Spellcasting   | |  0.6

Action                   |  1- 3 |  4- 6 || total
-------------------------+-------+-------++-------
Melee: Whip              |   224 |   380 ||   604
Throw: Stone             |    71 |    88 ||   159
       Tomahawk          |       |     1 ||     1
  Use: Scroll            |       |     6 ||     6
       Potion            |       |     4 ||     4
 Stab: Sleeping          |     3 |       ||     3
  Eat: Chunk             |     3 |    10 ||    13
Armor: Robe              |    34 |       ||    34
       Ring mail         |    12 |    34 ||    46
       Chain mail        |       |   119 ||   119
Dodge: Dodged            |   130 |   180 ||   310
